 Dungeon Crawl Stone Soup version 0.29-a0-289-g2178c42546 (webtiles) character file.

Game seed: 7560900188148903871

8 Inarius the Ducker (level 2, -9/14 HPs)
             Began as a Felid Chaos Knight on Mar 17, 2022.
             Was a Plaything of Xom.
             Mangled by a worm (11 damage)
             ... on level 2 of the Dungeon.
             The game lasted 00:01:11 (1470 turns).

Inarius the Ducker (Felid Chaos Knight)             Turns: 1470, Time: 00:01:12

Health: -9/14      AC:  1    Str:  8    XL:     2   Next: 0%
Magic:  3/3        EV: 17    Int: 13    God:    Xom [.*....]
Gold:   62         SH:  0    Dex: 15    Spells: 1/1 levels left
                                        Lives:  0   Deaths: 0

rFire   . . .      SeeInvis +     - Unarmed
rCold   . . .      Faith    .   (shield unavailable)
rNeg    . . .      Spirit   .   (body armour unavailable)
rPois   .          Reflect  .   (helmet unavailable)
rElec   .          Harm     .   (cloak unavailable)
rCorr   .          Rampage  .   (gloves unavailable)
Will    .....                   (boots unavailable)
Stlth   ++........              (no amulet)
HPRegen 0.04/turn               (no ring)
MPRegen 0.08/turn               (no ring)

@: quick
A: very small, claws 1, fangs 3, see invisible, speed 1, shaggy fur 1, stealthy
paws, no weapons or thrown items, no armour, multi-lived
a: Renounce Religion


You were on level 2 of the Dungeon.
You worshipped Xom.
You were a plaything of Xom.
You visited 1 branch of the dungeon, and saw 2 of its levels.

You collected 62 gold pieces.

Inventory:

Scrolls
 b - a scroll of enchant weapon {unknown}
 d - a scroll of identify {unknown}
 f - a scroll of enchant armour {unknown}
Potions
 c - a potion of haste {unknown}
 e - 3 potions of curing {unknown}
 g - 2 potions of heal wounds {unknown}
Miscellaneous
 a - a piece from Xom's chessboard (13/15) (quivered)


   Skills:
 + Level 3.1 Fighting
 + Level 3.3 Dodging
 * Level 0.5 Stealth
 + Level 3.1 Unarmed Combat
 * Level 0.4 Evocations


You had one spell level left.
You didn't know any spells.
Your spell library contained the following spells:

 Spells                   Type           Power      Damage    Failure   Level
 Conjure Flame            Conj/Fire      0%         6-21      67%         3
 Ignite Poison            Fire/Tmut/Pois 0%         N/A       67%         3
 Tukima's Dance           Hex            0%         N/A       67%         3
 Passage of Golubria      Tloc           0%         N/A       97%         4
 Sticky Flame             Conj/Fire      0%         2d3       97%         4
 Yara's Violent Unravell  Hex/Tmut       0%         3d3       100%        5


Dungeon Overview and Level Annotations

Branches:
Dungeon (2/15)

Altars:


Innate Abilities, Weirdness & Mutations

You have sharp claws.
You have razor-sharp teeth.
You have supernaturally acute eyesight. (SInv)
You cover ground quickly. (Speed+)
You are covered in fur. (AC +1)
Your paws help you pounce on unaware monsters.
You are incapable of wielding weapons or throwing items.
You cannot wear armour.
You gain extra lives every three experience levels.


Message History

You see here a yellow potion.
g - 2 yellow potions (gained 1)
There is a stone staircase leading up here.
You climb upwards.
There is a stone staircase leading down here.
You start resting.
HP restored.
You climb downwards.
The worm closely misses you.
There is a stone staircase leading up here.
You barely miss the worm. The worm barely misses you.
You scratch the worm. Your bite misses the worm.
The worm is lightly wounded.
The worm bites you.
You barely miss the worm. Your claw misses the worm.
The worm is lightly wounded.
You scratch the worm but do no damage.
The worm is lightly wounded.
The worm completely misses you.
You scratch the worm.
The worm is lightly wounded.
You claw the worm! You bite the worm.
The worm is severely wounded.
The worm bites you!
Ouch! That really hurt!
* * * LOW HITPOINT WARNING * * *
Xom is interested.
A shower of butterflies erupts from you!
You make a move on Xom's chessboard...
The worm resists with significant effort.
The worm closely misses your butterfly.
You make a move on Xom's chessboard...
The worm seems to slow down.
The worm completely misses your butterfly.
You swap places.
You scratch the worm.
The worm is severely wounded.
You barely miss the worm.
The worm is severely wounded.
The worm bites you!
Ouch! That really hurt!
You die...

### ...# #..# ###..####
........################
#........b...........
###..................
##.....@w.b<..#####
#...b.b......#
#.....######## #.bb###
#..... #.#.#...
#.#.##...# #.#.# ...#
..... ...


You could see a worm (slow, ally target).

Vanquished Creatures
  An endoplasm (D:1)
  A giant cockroach (D:1)
  A goblin (D:1)
  2 ball pythons (D:1)
  A bat (D:1)
  A frilled lizard (D:1)
  A rat (D:1)
8 creatures vanquished.

Notes
Turn   | Place    | Note
-------+----------+-------------------------------------------
     0 | D:1      | Inarius the Felid Chaos Knight began the quest for the Orb.
     0 | D:1      | Reached XP level 1. HP: 10/10 MP: 2/2
   260 | D:1      | XOM: divination: magic mapping
   265 | D:1      | XOM: polymorph ball python -> frilled lizard
   320 | D:1      | XOM: butterfly on damage
   467 | D:1      | XOM: summons 1 hostile shadow creature
   790 | D:1      | XOM: butterfly on damage
   990 | D:1      | Reached XP level 2. HP: 12/14 MP: 3/3
  1124 | D:2      | XOM: blink monster(s)
  1455 | D:2      | XOM: butterfly on damage
  1470 | D:2      | Mangled by a worm

Illustrated notes

Levels and vault maps discovered:
D:1:      tarquinn_simple_flora_water_f, layout_loops_ring, minivault_23,
          minmay_misc_feat_cross, item_on_display_a
D:2:      layout_rooms, serial_forest, infiniplex_forest_clump_medium,
          infiniplex_forest_end_double, infiniplex_forest_lined_room_2,
          infiniplex_forest_straight_4, infiniplex_forest_clump_long,
          hellmonk_ecumenical_altar_lost_god

Action                   || total
-------------------------++-------
Melee: Unarmed           ||    33
       Bite              ||     2
       Punch             ||     1
Evoke: Piece from Xom's  ||     2
 Stab: Sleeping          ||     1
Armor: Skin              ||     1
Dodge: Dodged            ||    25

Table legend: (Time is in decaauts)
 A = Elapsed time spent in this place.
 B = Non-inter-level travel time spent in this place.
 C = Inter-level travel time spent in this place.
 D = Time resting spent in this place.
 E = Time spent auto-exploring this place.
 F = Levels seen in this place.
 G = Mean time per level.
                   A        B        C        D        E       F      G
               +--------+--------+--------+--------+--------+-----+--------+
         Total |   1329 |   1296 |     33 |    592 |    538 |   2 |  664.5 |
       Dungeon |   1329 |   1296 |     33 |    592 |    538 |   2 |  664.5 |
               +--------+--------+--------+--------+--------+-----+--------+

Top non-repeatable levels by time:
     D:1: 1280 daAuts
     D:2: 48 daAuts
